Map: New Gettysburg LE

Players

MythiC - Winner!

  • Race: Terran Terran
  • League: Master

IlIlIlIlIl

  • Race: Zerg Zerg
  • League: Master

VOD

Have the link to the VOD?

Description

Time

  • Played on: July 21, 2016, 10:03 p.m.
  • Length: 7:38
Show
View Real Time Build Order
Export as new Build Order

MythiC Terran - Winner!

Build Orders: Reaper Expand, MMM Bio 

Get SALT Encoding   

  12  0:00  SCV  
  13  0:13  SCV  
  14  0:19  Supply Depot  
  14  0:25  SCV  
  15  0:40  SCV  
  16  0:42  Barracks  
  16  0:44  Refinery  
  16  0:53  SCV  
  17  1:05  SCV  
  18  1:17  SCV  
  19  1:31  Orbital Command  
  19  1:32  Reaper  
  20  1:41  Command Center  
  20  1:49  Supply Depot  
  20  1:57  SCV  
  21  2:05  Barracks  
  21  2:09  SCV  
  21  2:10  Barracks Reactor  
  22  2:16  Refinery  
  22  2:21  SCV  
  23  2:28  Factory  
  23  2:33  SCV  
  24  2:45  SCV  
  25  2:52  Marine x2, Barracks Tech Lab  
  27  2:58  Orbital Command, SCV  
  28  3:09  Marine x2  
  28  3:10  SCV  
  31  3:13  Marine  
  31  3:15  Stimpack  
  31  3:19  Starport  
  32  3:22  SCV  
  32  3:24  SCV  
  32  3:26  Factory Reactor  
  34  3:35  SCV  
  34  3:36  SCV  
  34  3:40  Supply Depot  
  35  3:44  Marine x3  
  35  3:47  SCV  
  39  3:51  SCV  
  40  3:59  Supply Depot, SCV  
  40  4:02  Marine x2  
  43  4:04  Marine, SCV  
  45  4:12  SCV  
  45  4:15  Medivac x2  
  45  4:16  SCV, Widow Mine  
  53  4:23  Supply Depot  
  53  4:24  SCV  
  54  4:26  Marine x2  
  54  4:27  Marine  
  54  4:28  SCV  
  58  4:36  SCV  
  58  4:38  Liberator  
  59  4:40  SCV  
  59  4:44  Supply Depot, Marine x2  
  62  4:55  Viking  
  62  4:56  Marine  
  62  4:57  SCV  
  69  5:01  Command Center  
  69  5:03  SCV  
  69  5:05  Marine x2  
  72  5:07  Supply Depot  
  72  5:08  Factory Tech Lab  
  72  5:09  SCV  
  72  5:12  Supply Depot  
  73  5:15  SCV  
  73  5:19  Marine  
  73  5:21  SCV, Combat Shields  
  76  5:23  Marine  
  76  5:24  Marine  
  78  5:29  SCV  
  78  5:33  SCV  
  79  5:37  Marine  
  79  5:41  Marine, SCV  
  79  5:42  Marine, Medivac  
  79  5:51  SCV  
  79  5:53  SCV  
  81  6:02  Marine x2, Barracks x2  
  81  6:03  SCV  
  84  6:04  Barracks  
  84  6:10  Marine  
  84  6:12  Engineering Bay, SCV  
  84  6:13  Orbital Command, Engineering Bay  
  84  6:14  Refinery  
  84  6:15  Refinery  
  84  6:16  SCV  
  86  6:25  Marine x2  
  86  6:28  SCV  
  86  6:29  SCV  
  86  6:30  Marine  
  86  6:31  Medivac x2, Siege Tank  
  98  6:36  Supply Depot  
  98  6:38  Supply Depot  
  98  6:41  SCV  
  98  6:43  Marine x2  
  98  6:44  SCV  
  98  6:45  Orbital Command  
  102  6:53  SCV  
  103  6:56  SCV  
  104  7:05  SCV  
  104  7:08  Marine x2, Barracks Reactor, SCV  
  108  7:09  Barracks Reactor  
  108  7:13  Marine  
  109  7:15  Barracks Reactor  
  109  7:17  SCV  
  109  7:18  SCV  
  109  7:20  SCV  
  109  7:22  Refinery  
Show
View Real Time Build Order
Export as new Build Order

IlIlIlIlIl Zerg 

Build Orders: Hatch First 

Get SALT Encoding   

  12  0:00  Drone  
  13  0:13  Overlord  
  13  0:18  Drone  
  14  0:32  Drone x2  
  14  0:35  Drone  
  17  0:53  Hatchery  
  17  0:56  Drone  
  17  0:59  Drone  
  18  1:10  Extractor  
  17  1:14  Spawning Pool  
  17  1:17  Drone  
  17  1:21  Drone  
  18  1:28  Drone  
  19  1:39  Overlord  
  19  1:50  Drone  
  20  2:01  Queen  
  20  2:02  Zergling x2  
  20  2:05  Zergling x2, Queen  
  26  2:10  Metabolic Boost  
  26  2:11  Drone  
  27  2:17  Drone  
  28  2:24  Drone  
  28  2:28  Drone  
  30  2:33  Drone  
  31  2:37  Drone  
  31  2:43  Queen x2  
  36  2:46  Overlord  
  36  2:50  Overlord  
  36  3:04  Drone x2  
  36  3:05  Drone  
  39  3:10  Drone  
  40  3:13  Drone x2  
  40  3:14  Drone x3  
  40  3:15  Drone  
  40  3:18  Drone  
  47  3:21  Queen  
  49  3:38  Hatchery  
  48  3:45  Evolution Chamber, Extractor  
  48  3:46  Drone  
  48  3:47  Drone  
  48  3:48  Evolution Chamber, Drone x3  
  50  3:50  Overlord  
  50  3:56  Overlord  
  50  4:11  Zerg Melee Weapons Level 1  
  50  4:12  Queen  
  52  4:17  Drone x2  
  52  4:18  Drone x4  
  58  4:31  Zerg Ground Armor Level 1  
  58  4:35  Drone  
  58  4:36  Drone x4  
  63  4:40  Drone  
  63  4:42  Drone  
  65  4:46  Lair  
  65  4:53  Zergling x6  
  68  5:08  Drone  
  68  5:09  Drone x2  
  68  5:10  Zergling x6  
  74  5:21  Overlord x3  
  73  5:34  Zergling x4  
  73  5:35  Zergling x2  
  71  5:42  Zergling x6  
  69  5:46  Zergling x6  
  69  5:47  Zergling x2  
  69  5:48  Zergling x4  
  65  5:50  Queen x2  
  65  5:51  Queen  
  66  6:08  Drone  
  66  6:09  Drone x7  
  70  6:12  Drone  
  70  6:13  Baneling Nest  
  70  6:15  Extractor  
  70  6:17  Extractor  
  68  6:22  Drone  
  68  6:23  Infestation Pit, Drone x4  
  72  6:38  Hatchery  
  72  6:39  Drone  
  72  6:47  Drone  
  73  6:48  Overlord x2  
  73  6:49  Overlord  
  73  7:02  Spore Crawler, Drone  
Tags
 
Add a new tag
Caveats
  • Supply blocks, unpowered buildings, or Contaminate may cause inaccurate times.
  • Supply counts are checked every 10 seconds.